Map: Ruins of Seras

Players

Elazer

  • Race: Zerg Zerg
  • League: Grandmaster

Zanster - Winner!

  • Race: Zerg Zerg

Event: 2016 WCS Winter Challenger Europe

VOD

Have the link to the VOD?

Description

Time

  • Played on: Feb. 13, 2016, 11:32 a.m.
  • Length: 11:07

All games in this series

Show
View Real Time Build Order
Export as new Build Order

Elazer Zerg 

Build Orders: Hatch First, Lurkers 

Get SALT Encoding   

  12  0:00  Drone  
  13  0:13  Overlord  
  13  0:18  Drone  
  14  0:31  Drone x2  
  14  0:35  Drone  
  17  0:52  Hatchery  
  17  0:56  Drone  
  17  0:59  Drone  
  18  1:14  Extractor  
  18  1:16  Drone  
  18  1:17  Spawning Pool  
  17  1:21  Drone  
  18  1:28  Drone  
  19  1:40  Overlord  
  19  1:51  Drone  
  20  2:01  Drone  
  21  2:04  Queen  
  21  2:05  Zergling x2, Queen  
  26  2:12  Drone  
  27  2:15  Drone  
  27  2:22  Drone  
  29  2:27  Drone  
  30  2:33  Drone  
  31  2:39  Drone  
  32  2:44  Hatchery  
  32  2:50  Overlord  
  32  2:51  Drone  
  32  2:54  Roach Warren  
  30  3:05  Overlord  
  30  3:06  Overlord  
  30  3:20  Drone x3  
  30  3:23  Drone  
  36  3:34  Roach x6  
  36  3:39  Queen  
  48  3:49  Drone x4  
  48  3:51  Extractor  
  51  4:00  Overlord  
  51  4:06  Roach x2  
  51  4:07  Roach  
  51  4:08  Roach x2  
  61  4:11  Overlord  
  61  4:19  Drone x2  
  61  4:20  Drone x2  
  67  4:24  Ravager x2  
  67  4:28  Drone x2, Extractor  
  67  4:29  Drone  
  67  4:30  Ravager  
  70  4:33  Overlord  
  70  4:37  Roach  
  74  4:45  Roach  
  74  4:46  Roach  
  74  4:50  Roach  
  74  4:51  Overlord  
  79  5:00  Drone x2  
  79  5:01  Drone  
  79  5:02  Lair, Extractor  
  79  5:03  Drone x2  
  79  5:04  Drone  
  83  5:09  Overlord  
  83  5:14  Roach  
  83  5:15  Roach  
  83  5:17  Ravager  
  88  5:22  Roach  
  88  5:27  Roach x2  
  94  5:30  Roach  
  94  5:31  Overlord  
  94  5:32  Roach  
  98  5:36  Roach x2  
  98  5:40  Drone x3  
  105  5:45  Drone  
  105  5:48  Overlord  
  106  5:50  Evolution Chamber  
  106  5:51  Ravager  
  106  5:52  Ravager  
  106  5:54  Drone x3  
  106  5:56  Drone  
  111  5:58  Drone  
  111  6:01  Glial Reconstitution  
  111  6:03  Overseer  
  112  6:07  Drone x2, Extractor  
  112  6:08  Drone  
  115  6:11  Drone x2  
  115  6:13  Drone  
  117  6:19  Spore Crawler x2  
  117  6:21  Spore Crawler  
  117  6:25  Spore Crawler  
  114  6:26  Spore Crawler  
  114  6:27  Spore Crawler  
  110  6:33  Queen  
  110  6:34  Spore Crawler  
  110  6:35  Drone  
  110  6:38  Drone  
  110  6:39  Drone  
  107  6:44  Drone x2  
  107  6:45  Drone  
  108  6:48  Drone  
  108  6:53  Drone x3  
  112  6:59  Queen  
  112  7:01  Queen  
  116  7:10  Hydralisk Den  
  116  7:14  Overlord x2  
  116  7:15  Overlord x2  
  115  7:25  Overlord  
  115  7:33  Overlord  
  115  7:36  Drone x3  
  118  7:37  Drone x4  
  118  7:42  Drone, Lurker Den  
  118  7:43  Hydralisk x2  
  122  7:53  Hydralisk x3  
  123  8:04  Hydralisk x3  
  129  8:11  Overlord x2  
  129  8:12  Drone x5  
  134  8:15  Overlord  
  134  8:17  Zerg Missile Weapons Level 1  
  134  8:32  Extractor  
  134  8:33  Overlord  
  133  8:34  Drone  
  133  8:35  Drone x2  
  133  8:38  Roach x8  
  152  8:41  Extractor  
  151  8:52  Drone x3  
  154  9:01  Spore Crawler  
  153  9:03  Spore Crawler, Roach x3  
  153  9:04  Roach x2  
  162  9:15  Muscular Augments  
  162  9:17  Lurker x3  
  165  9:32  Drone  
  165  9:33  Drone x2  
  165  9:43  Hydralisk x7  
  147  9:55  Roach x7  
  142  10:04  Roach  
  142  10:05  Roach  
  118  10:10  Roach x2  
  118  10:12  Roach  
  108  10:18  Lurker  
  108  10:21  Roach x2  
  108  10:23  Roach  
  108  10:26  Lurker  
  111  10:37  Lurker  
  111  10:38  Overlord  
  111  10:40  Drone  
  111  10:41  Drone  
  114  10:46  Lurker, Spore Crawler x2  
  114  10:47  Lurker  
  114  10:48  Hatchery  
Show
View Real Time Build Order
Export as new Build Order

Zanster Zerg - Winner!

Build Orders: Pool First 

Get SALT Encoding   

  12  0:00  Drone  
  13  0:14  Overlord  
  13  0:17  Drone  
  14  0:32  Drone x2  
  16  0:36  Drone  
  17  0:46  Spawning Pool  
  16  0:50  Drone  
  17  0:57  Drone  
  18  1:14  Hatchery  
  18  1:17  Drone  
  18  1:21  Drone  
  18  1:22  Extractor  
  18  1:31  Drone  
  19  1:35  Queen  
  21  1:42  Overlord  
  21  1:51  Drone  
  22  2:03  Drone  
  23  2:10  Queen  
  23  2:14  Drone  
  26  2:22  Roach Warren  
  26  2:24  Zergling x2  
  26  2:27  Drone  
  27  2:34  Queen  
  27  2:35  Drone  
  30  2:40  Overlord  
  30  2:42  Drone  
  30  2:43  Drone  
  32  2:51  Drone  
  32  2:56  Drone  
  34  3:03  Drone  
  34  3:04  Drone  
  36  3:08  Lair  
  36  3:09  Drone x2  
  36  3:12  Overlord  
  38  3:17  Roach  
  40  3:22  Roach  
  42  3:29  Drone x3, Extractor  
  42  3:33  Drone  
  45  3:35  Overlord  
  45  3:36  Drone  
  46  3:41  Drone  
  46  3:44  Drone  
  48  3:51  Overlord  
  48  3:56  Roach  
  48  3:57  Roach x4  
  48  4:01  Overlord, Extractor  
  57  4:17  Drone x2  
  57  4:18  Drone  
  57  4:19  Drone x2, Extractor  
  60  4:26  Spire  
  60  4:27  Drone  
  60  4:28  Drone x2  
  60  4:29  Drone  
  60  4:30  Drone  
  64  4:44  Hatchery  
  64  4:45  Drone x2  
  65  4:50  Overlord  
  65  4:52  Roach  
  67  4:54  Glial Reconstitution  
  67  4:59  Overlord  
  67  5:02  Overlord  
  67  5:05  Overseer  
  67  5:07  Overlord  
  67  5:13  Overlord  
  67  5:18  Roach x3  
  67  5:21  Roach  
  75  5:22  Roach  
  75  5:26  Roach  
  79  5:29  Roach  
  81  5:38  Overlord  
  81  5:40  Mutalisk  
  81  5:41  Mutalisk x2  
  87  5:43  Mutalisk  
  89  5:50  Mutalisk  
  91  5:58  Mutalisk  
  93  6:04  Roach x2  
  93  6:08  Roach x2  
  101  6:12  Extractor  
  101  6:17  Extractor, Roach x3  
  101  6:18  Roach  
  107  6:20  Overlord  
  107  6:21  Drone, Evolution Chamber  
  107  6:22  Drone  
  107  6:25  Overlord  
  108  6:28  Drone  
  108  6:30  Roach  
  111  6:43  Drone x7  
  111  6:46  Drone  
  117  6:48  Zerg Missile Weapons Level 1  
  117  6:52  Mutalisk  
  119  6:55  Roach  
  119  6:58  Roach  
  124  7:01  Drone x2  
  124  7:03  Drone  
  124  7:05  Drone  
  124  7:06  Drone  
  128  7:09  Drone  
  128  7:11  Drone  
  128  7:13  Overlord  
  130  7:20  Overlord x2  
  130  7:29  Overlord  
  128  7:30  Drone x2  
  130  7:41  Roach x2  
  130  7:42  Roach x2  
  138  7:48  Hatchery  
  137  7:57  Roach x8  
  151  7:59  Roach  
  151  8:04  Roach x2  
  151  8:05  Roach  
  157  8:11  Overlord  
  157  8:18  Roach  
  157  8:19  Roach  
  161  8:20  Overlord x2  
  161  8:21  Drone  
  161  8:23  Overlord  
  162  8:30  Ravager  
  162  8:31  Ravager x7  
  170  8:34  Overlord  
  170  8:41  Roach  
  170  8:42  Roach x7  
  170  8:44  Overseer  
  186  8:48  Overlord  
  186  8:50  Overseer  
  186  8:53  Overseer  
  186  8:55  Ravager x4  
  190  8:57  Roach x2  
  190  9:00  Drone  
  190  9:01  Drone x4  
  197  9:12  Roach  
  197  9:13  Roach  
  174  9:50  Roach x6  
  174  9:51  Roach x15  
  194  9:56  Roach x3  
  185  10:02  Roach x2  
  185  10:06  Roach x2  
  173  10:13  Roach x2  
  172  10:15  Queen  
  172  10:19  Extractor, Roach  
  172  10:20  Roach  
  177  10:26  Roach x4  
  177  10:27  Ravager x3  
  177  10:28  Ravager x2  
  190  10:34  Roach x2  
  194  10:42  Roach x2  
  198  10:47  Hatchery  
Tags
 
Add a new tag
Caveats
  • Supply blocks, unpowered buildings, or Contaminate may cause inaccurate times.
  • Supply counts are checked every 10 seconds.